 Dungeon Crawl Stone Soup version 0.30-a0-49-g1cef19eb02 (webtiles) character file.

Game seed: 925985150478658524

2 scionoferis the Grasshopper (level 1, 0/19 HPs)
             Began as a Naga Warper on Sept 2, 2022.
             Slain by a jackal (3 damage)
             ... on level 1 of the Dungeon.
             The game lasted 00:00:39 (80 turns).

scionoferis the Grasshopper (Naga Warper)             Turns: 80, Time: 00:00:41

Health: 0/19       AC:  1    Str: 13    XL:     1   Next: 30%
Magic:  3/3        EV:  9    Int: 13    God:
Gold:   0          SH:  0    Dex: 10    Spells: 4/4 levels left

rFire   . . .      SeeInvis +    a - +0 long sword
rCold   . . .      Faith    .    (no shield)
rNeg    . . .      Spirit   .    b - +0 leather armour
rPois   +          Reflect  .    (no helmet)
rElec   .          Harm     .    (no cloak)
rCorr   .          Rampage  .    (no gloves)
Will    .....                    (no barding)
Stlth   +.........               (no amulet)
HPRegen 0.06/turn                (no ring)
MPRegen 0.08/turn                (no ring)

@: very slow
A: AC +0, large, see invisible, deformed body, poison resistance, slowness 2,
spit poison 1, naga tail 1
a: Spit Poison


You were on level 1 of the Dungeon.
You visited 1 branch of the dungeon, and saw 1 of its levels.

Inventory:

Hand Weapons
 a - a +0 long sword (weapon)
Missiles
 d - 7 boomerangs of dispersal (quivered)
Armour
 b - a +0 leather armour (worn)
Scrolls
 c - a scroll of blinking
Potions
 e - a potion of attraction {unknown}
 f - 2 potions of mutation {unknown}
 g - a potion of might {unknown}
 h - a potion of curing {unknown}


   Skills:
 + Level 2.0 Fighting
 * Level 2.1 Long Blades
 - Level 0.8 Throwing
 - Level 0.7 Armour
 - Level 1.5 Dodging
 - Level 2.0 Spellcasting
 - Level 3.0 Translocations


You had 4 spell levels left.
You didn't know any spells.
Your spell library contained the following spells:

 Spells                   Type           Power      Damage    Failure   Level
 Blink                    Tloc           18%        N/A       14%         2
 Gell's Gravitas          Tloc           9%         N/A       28%         3
 Lesser Beckoning         Tloc           9%         N/A       28%         3
 Teleport Other           Tloc           9%         N/A       28%         3
 Manifold Assault         Tloc           9%         N/A       95%         5


Dungeon Overview and Level Annotations

Branches:
Dungeon (1/15)

Altars:


Innate Abilities, Weirdness & Mutations

Your serpentine skin is tough. (AC +0)
You have supernaturally acute eyesight. (SInv)
Armour fits poorly on your strangely shaped body.
Your system is resistant to poisons. (rPois)
You cover ground very slowly.
You can spit poison.
You have a snake-like lower body.


Message History

Aim: a rat (53% to hit)
The splash of poison misses the rat.
A rat is nearby!
You slash the rat!
You kill the rat!
No target in view!
You have got your breath back.
h - a fuming emerald potion You see here a rat corpse.
Found a long sword.
Found a robe and a chain mail.
You see here a +0 long sword.
i - a +0 long sword Adjust to which letter? (? for menu, Esc to quit)
a - a +0 long sword;
i - a +0 falchion (weapon)
You are now empty-handed.
You drop a +0 falchion.
a - a +0 long sword (weapon)
2 jackals come into view.
Found a faded altar of an unknown god.
The jackal barks!
The jackal moves out of view.
Aiming: Spit Poison (3% risk of failure)
Press: ? - help, Shift-Dir - straight line, f - jackal
Aim: a jackal (43% to hit)
The splash of poison misses the jackal.
You have got your breath back.
The jackal attacks as you move away! The jackal completely misses you.
The jackal bites you. The jackal barely misses you.
You miss the jackal.
The jackal misses you. x2; The jackal bites you. x2
You hit the jackal.
The jackal is almost dead.
The jackal bites you. x3; The jackal closely misses you.
You closely miss the jackal.
The jackal is severely wounded.
The jackal bites you.
A quokka comes into view.
The jackal bites you.
* * * LOW HITPOINT WARNING * * *
The jackal bites you.
You die...

####.#. .......
#........# .......
#..⌠._.⌠.# ####..###
###.r......
...............8.⌠.8
#####.##..###......
.†................
###...##..# #..#h#
###...##[####..#@##.#.#
...............h....:...
#.#....#..###..#.##.#.#.
.........)..........#
#.##.............##.#
#.##.#.#..#........... .
.....................
#................#..# #
#....#...[...........


You could see a quokka (wandering) and 2 jackals.

Vanquished Creatures
  A hobgoblin (D:1)
  A rat (D:1)
2 creatures vanquished.

Notes
Turn   | Place    | Note
-------+----------+-------------------------------------------
     0 | D:1      | scionoferis the Naga Warper began the quest for the Orb.
     0 | D:1      | Reached XP level 1. HP: 19/19 MP: 3/3
    73 | D:1      | Found a faded altar of an unknown god.
    80 | D:1      | Slain by a jackal

Illustrated notes

Levels and vault maps discovered:
D:1:      lemuel_arrival_tunnels, layout_basic,
          hellmonk_ecumenical_altar_dog_temple

Action                   || total
-------------------------++-------
Melee: Long sword        ||     3
       Falchion          ||     1
 Abil: Spit Poison       ||     3
Dodge: Dodged            ||     5

Table legend: (Time is in decaauts)
 A = Elapsed time spent in this place.
 B = Non-inter-level travel time spent in this place.
 C = Inter-level travel time spent in this place.
 D = Time resting spent in this place.
 E = Time spent auto-exploring this place.
 F = Levels seen in this place.
 G = Mean time per level.
                   A        B        C        D        E       F      G
               +--------+--------+--------+--------+--------+-----+--------+
         Total |    103 |    103 |      0 |      0 |     61 |   1 |  103.0 |
       Dungeon |    103 |    103 |      0 |      0 |     61 |   1 |  103.0 |
               +--------+--------+--------+--------+--------+-----+--------+

Top non-repeatable levels by time:
     D:1: 103 daAuts
